 Dungeon Crawl Stone Soup version 0.28.0-1-gb440e238dd (webtiles) character file.

Game seed: 1429925114457716741

21 graymark the Grave Robber (level 2, 0/15 HPs)
             Began as a Deep Elf Necromancer on Feb 22, 2022.
             Slain by a bullfrog skeleton (3 damage)
             ... on level 2 of the Dungeon.
             The game lasted 00:02:58 (1342 turns).

graymark the Grave Robber (Deep Elf Necromancer)    Turns: 1342, Time: 00:02:58

Health: 0/15       AC:  2    Str:  5    XL:     2   Next: 62%
Magic:  7/8        EV: 13    Int: 19    God:
Gold:   54         SH:  0    Dex: 15    Spells: 5/7 levels left

rFire   . . .      SeeInvis .   d - +0 dagger
rCold   . . .      Faith    .   (no shield)
rNeg    . . .      Spirit   .   a - +0 robe
rPois   .          Reflect  .   (no helmet)
rElec   .          Harm     .   (no cloak)
rCorr   .          Rampage  .   (no gloves)
Will    .....                   (no boots)
Stlth   ++........              (no amulet)
HPRegen 0.05/turn               (no ring)
MPRegen 0.11/turn               (no ring)

@: no status effects
A: no striking features
a: no special abilities


You were on level 2 of the Dungeon.
You visited 1 branch of the dungeon, and saw 2 of its levels.

You collected 54 gold pieces.

Inventory:

Hand Weapons
 d - a +0 dagger (weapon)
Armour
 a - a +0 robe (worn)
Potions
 c - a potion of haste
 e - a potion of resistance
 f - a potion of mutation
 g - a potion of heal wounds


   Skills:
 + Level 2.9 Dodging
 + Level 3.0 Stealth
 + Level 3.4 Spellcasting
 + Level 5.0 Necromancy


You had 5 spell levels left.
You knew the following spells:

 Your Spells              Type           Power      Damage    Failure   Level
a - Pain                  Necr           88%        1d8       1%          1
b - Animate Skeleton      Necr           44%        N/A       1%          1

Your spell library contained the following spells:

 Spells                   Type           Power      Damage    Failure   Level
 Vampiric Draining        Necr           22%        2d7       5%          3
 Animate Dead             Necr           11%        N/A       19%         4
 Agony                    Necr           22%        N/A       45%         5


Dungeon Overview and Level Annotations

Branches:
Dungeon (2/15)

Altars:


Message History

A rat comes into view.
The bullfrog skeleton misses you.
You see here a hobgoblin corpse.
The bullfrog skeleton misses you.
Casting: Pain (safe; 1% risk of failure)
Confirm with . or Enter, or press ? or * to list all spells.
Aiming: Pain (safe; 1% risk of failure)
Press: ? - help, Shift-Dir - straight line, f - bullfrog skeleton
Aim: a bullfrog skeleton (not susceptible)
Okay, then.
You hit the bullfrog skeleton.
The bullfrog skeleton is lightly damaged.
The bullfrog skeleton hits you.
You hit the bullfrog skeleton.
The bullfrog skeleton is lightly damaged.
The bullfrog skeleton hits you but does no damage.
The bullfrog skeleton hits you.
You hit the bullfrog skeleton.
The bullfrog skeleton is lightly damaged.
The bullfrog skeleton hits you.
You hit the bullfrog skeleton.
The bullfrog skeleton is moderately damaged.
The bullfrog skeleton hits you but does no damage.
You closely miss the rat.
Casting: Pain (safe; 1% risk of failure)
Confirm with . or Enter, or press ? or * to list all spells.
Aiming: Pain (safe; 1% risk of failure)
Press: ? - help, Shift-Dir - straight line, f - rat
Aim: a rat (chance to affect: 91%)
The rat writhes in agony.
You kill the rat!
You hit the bullfrog skeleton but do no damage.
The bullfrog skeleton is moderately damaged.
The bullfrog skeleton hits you.
* * * LOW HITPOINT WARNING * * *
The bullfrog skeleton hits you but does no damage.
You completely miss the bullfrog skeleton.
The bullfrog skeleton is moderately damaged.
The bullfrog skeleton hits you.
You die...

#......##..........
######.#####.#...####
#........# ....
#........# ...
#........#..##
#........#...###
#......†........
#....†..Z#.#.##
#.......@#.#
#...(<[..# .
#####...## # #.#..#
#...#... #.#. ###..
#.#.# . #.#.. #. ..


You could see a bullfrog skeleton.

Vanquished Creatures
  A dart slug (D:2)
  An endoplasm (D:1)
  3 goblins (D:1)
  2 hobgoblins
  2 quokkas (D:1)
  2 ball pythons (D:1)
  A bat (D:1)
  A frilled lizard (D:1)
  A kobold (D:1)
  4 rats
18 creatures vanquished.

Notes
Turn   | Place    | Note
-------+----------+-------------------------------------------
     0 | D:1      | graymark the Deep Elf Necromancer began the quest for the
                  | Orb.
     0 | D:1      | Reached XP level 1. HP: 10/10 MP: 6/6
   589 | D:1      | Reached skill level 5 in Necromancy
   589 | D:1      | Reached XP level 2. HP: 12/15 MP: 5/8
   634 | D:1      | Learned a level 1 spell: Animate Skeleton
  1342 | D:2      | Slain by a bullfrog skeleton

Illustrated notes

Levels and vault maps discovered:
D:1:      beargit_arrival_greenhouse, layout_basic
D:2:      layout_rooms, hellmonk_ecumenical_altar_watching_god

Skill      XL: |  1  2 |
---------------+-------+-----
Necromancy     | 5 |  5.0
Stealth        | 3 |  3.0
Dodging        | |  2.9
Spellcasting   | |  3.4

Action                   || total
-------------------------++-------
Melee: Dagger            ||    10
 Cast: Pain              ||    29
       Animate Skeleton  ||     1
  Use: Scroll            ||     5
Armor: Robe              ||     5
Dodge: Dodged            ||     6
